Map: Slaying Fields

Players

FrogMint

  • Race: Zerg Zerg
  • Spawn Location: 12:00

Loken - Winner!

  • Race: Protoss Protoss
  • League: Platinum
  • Spawn Location: 5:00

Myran - Winner!

  • Race: Protoss Protoss
  • Spawn Location: 6:00

Scaramanga

  • Race: Terran Terran
  • Spawn Location: 11:00

TimeTwist

  • Race: Zerg Zerg
  • Spawn Location: 9:00

Rugi - Winner!

  • Race: Terran Terran
  • League: Master
  • Spawn Location: 3:00

VOD

Have the link to the VOD?

Description

Time

  • Played on: March 13, 2017, 7:14 p.m.
  • Length: 14:46
Show
View Real Time Build Order
Export as new Build Order

FrogMint Zerg 

Build Orders: Pool First 

Get SALT Encoding   

  12  0:01  Drone  
  13  0:12  Overlord  
  13  0:17  Drone  
  14  0:30  Drone x2  
  16  0:37  Drone  
  17  0:47  Extractor  
  17  0:48  Drone  
  17  0:56  Drone  
  18  1:09  Spawning Pool  
  17  1:11  Drone  
  18  1:20  Drone  
  19  1:33  Hatchery, Drone  
  19  1:40  Drone  
  20  1:50  Overlord  
  20  1:56  Metabolic Boost  
  20  1:57  Queen  
  23  2:08  Drone  
  23  2:13  Drone  
  24  2:22  Zergling x2  
  26  2:37  Drone  
  26  2:43  Zergling x2  
  27  2:46  Drone  
  28  2:53  Zergling x2  
  28  2:55  Spine Crawler  
  28  2:59  Drone  
  29  3:06  Roach Warren  
  29  3:10  Drone x2  
  29  3:11  Drone, Extractor  
  30  3:18  Overlord x2  
  30  3:25  Overlord  
  30  3:27  Queen  
  30  3:30  Drone  
  33  3:35  Spore Crawler  
  33  3:40  Lair  
  32  3:42  Drone x3  
  32  3:43  Drone  
  36  3:48  Roach  
  36  3:50  Drone  
  36  3:54  Drone  
  40  4:12  Drone x5  
  40  4:15  Drone x2  
  47  4:30  Drone  
  47  4:31  Drone  
  49  4:41  Drone  
  49  4:42  Drone x4  
  54  4:47  Extractor  
  54  4:48  Glial Reconstitution  
  54  4:50  Roach x2  
  57  5:06  Roach  
  59  5:08  Overlord x2  
  59  5:17  Hatchery  
  59  5:21  Roach, Extractor  
  59  5:26  Queen x2  
  63  5:31  Spore Crawler  
  63  5:34  Drone x2, Spore Crawler  
  63  5:35  Spine Crawler  
  62  5:41  Roach x5  
  72  5:45  Roach  
  74  5:51  Overlord  
  74  5:58  Roach  
  76  6:05  Overseer  
  76  6:14  Roach  
  76  6:15  Roach x2  
  82  6:26  Roach  
  82  6:30  Overlord x4  
  82  6:32  Ravager x3  
  88  6:33  Ravager x3  
  90  6:52  Roach  
  90  6:53  Roach x6  
  104  7:00  Drone  
  109  7:01  Drone x5  
  110  7:09  Roach x2  
  110  7:11  Overlord  
  112  7:23  Roach x5  
  122  7:51  Drone x8  
  130  7:53  Overlord x3  
  130  8:07  Infestation Pit  
  129  8:18  Overlord  
  129  8:19  Overlord x2  
  129  8:25  Hatchery  
  128  8:30  Ravager  
  128  8:32  Ravager x5  
  134  8:36  Roach x10  
  154  8:51  Roach  
  154  8:52  Roach x5  
  166  9:02  Hatchery  
  165  9:18  Overlord  
  165  9:19  Overlord x2  
  165  9:20  Infestor x3  
  165  9:21  Infestor x2  
  165  9:22  Pathogen Glands  
  175  9:54  Roach  
  175  9:55  Roach x6  
  175  9:56  Roach x5  
  199  10:04  Hatchery  
  177  10:28  Roach x10  
  181  10:29  Roach x2  
  197  10:38  Burrow  
  197  10:40  Roach  
  199  10:52  Extractor x2  
  197  11:13  Overlord x2  
  197  11:17  Neural Parasite  
  197  11:26  Overseer  
  197  11:27  Overseer  
  197  11:28  Overseer  
  197  11:34  Queen  
  199  11:42  Hive  
  130  12:17  Roach x6  
  130  12:18  Roach x18  
  115  12:39  Roach x4  
  113  12:48  Roach x3  
  113  12:49  Roach  
  105  13:20  Roach x4  
  105  13:21  Roach x8  
  121  13:35  Viper, Roach x7  
  138  13:43  Ravager x2  
  140  13:54  Spawning Pool  
  45  14:39  Hydralisk Den  
Show
View Real Time Build Order
Export as new Build Order

Loken Protoss - Winner!

Build Orders: Nexus First 

Get SALT Encoding   

  12  0:03  Probe (Chrono Boost)  
  13  0:14  Probe (Chrono Boost)  
  14  0:19  Pylon  
  14  0:24  Probe (Chrono Boost)  
  15  0:37  Probe (Chrono Boost)  
  16  0:48  Probe (Chrono Boost)  
  17  0:58  Probe (Chrono Boost)  
  18  1:05  Nexus  
  18  1:09  Probe (Chrono Boost)  
  19  1:18  Gateway  
  19  1:22  Probe (Chrono Boost)  
  20  1:29  Assimilator  
  20  1:33  Assimilator  
  20  1:36  Probe (Chrono Boost)  
  21  1:45  Pylon  
  21  1:49  Probe (Chrono Boost)  
  22  2:02  Probe (Chrono Boost)  
  23  2:09  Cybernetics Core  
  23  2:12  Probe (Chrono Boost)  
  24  2:19  Probe (Chrono Boost)  
  25  2:23  Probe (Chrono Boost)  
  25  2:25  Assimilator  
  25  2:27  Assimilator  
  25  2:29  Probe (Chrono Boost)  
  27  2:40  Probe (Chrono Boost)  
  27  2:43  Probe (Chrono Boost)  
  29  2:50  Stargate  
  29  2:53  Probe (Chrono Boost)  
  29  2:58  Stargate  
  30  3:01  Forge  
  30  3:08  Pylon  
  30  3:10  Pylon  
  30  3:11  Probe x2 (Chrono Boost)  
  32  3:14  Warp Gate  
  32  3:21  Probe (Chrono Boost)  
  32  3:22  Probe (Chrono Boost)  
  34  3:32  Probe (Chrono Boost)  
  34  3:33  Probe (Chrono Boost)  
  36  3:42  Fleet Beacon  
  36  3:43  Probe x2 (Chrono Boost)  
  38  3:53  Probe (Chrono Boost)  
  38  3:54  Probe (Chrono Boost)  
  40  3:55  Photon Cannon  
  40  3:59  Pylon  
  40  4:04  Probe x2 (Chrono Boost)  
  40  4:06  Photon Cannon  
  42  4:14  Probe (Chrono Boost)  
  43  4:26  Tempest  
  43  4:27  Tempest  
  55  4:47  Pylon  
  55  4:50  Pylon  
  55  4:52  Protoss Shields Level 1  
  55  5:04  Tempest x2  
  55  5:12  Pylon  
  67  5:20  Photon Cannon  
  67  5:23  Photon Cannon  
  67  5:29  Photon Cannon  
  67  5:32  Photon Cannon  
  67  5:36  Photon Cannon  
  67  5:38  Photon Cannon  
  67  5:41  Tempest x2  
  67  5:42  Photon Cannon  
  79  6:03  Protoss Air Weapons Level 1  
  79  6:18  Tempest  
  79  6:21  Tempest  
  91  6:35  Pylon  
  91  6:44  Pylon  
  91  6:49  Pylon  
  91  6:55  Tempest  
  91  6:58  Tempest  
  103  7:08  Nexus  
  103  7:37  Pylon  
  103  7:40  Pylon  
  103  7:41  Tempest  
  103  7:42  Tempest  
  103  7:43  Pylon  
  103  7:47  Protoss Air Armor Level 1  
  115  8:05  Assimilator  
  115  8:10  Assimilator  
  115  8:12  Photon Cannon  
  115  8:16  Photon Cannon  
  115  8:18  Photon Cannon  
  115  8:22  Photon Cannon  
  115  8:24  Photon Cannon  
  115  8:27  Photon Cannon  
  115  8:28  Tempest x2  
  115  8:30  Photon Cannon  
  115  8:33  Photon Cannon  
  127  8:43  Probe (Chrono Boost)  
  127  8:44  Probe x2 (Chrono Boost)  
  133  8:55  Probe (Chrono Boost)  
  133  8:56  Probe x2 (Chrono Boost)  
  133  8:57  Stargate  
  133  9:00  Stargate  
  133  9:05  Pylon  
  133  9:07  Pylon  
  133  9:08  Probe (Chrono Boost)  
  134  9:11  Pylon  
  134  9:15  Pylon  
  134  9:18  Tempest  
  134  9:23  Protoss Air Weapons Level 2  
  134  9:26  Tempest  
  146  9:45  Tempest  
  152  9:55  Tempest  
  158  10:03  Tempest  
  164  10:19  Tempest  
  170  10:47  Tempest  
  170  10:53  Tempest  
  182  10:57  Tempest  
  188  11:04  Pylon  
  188  11:06  Pylon  
  188  11:08  Pylon  
  188  11:10  Pylon  
  188  11:16  Tempest  
  188  11:24  Tempest  
  200  11:39  Gateway x2  
  200  11:42  Gateway  
  164  13:02  Tempest x2  
  164  13:08  Tempest x2  
Show
View Real Time Build Order
Export as new Build Order

Myran Protoss - Winner!

Build Orders:  

Get SALT Encoding   

  12  0:02  Probe (Chrono Boost)  
  13  0:13  Probe (Chrono Boost)  
  14  0:29  Pylon  
  14  0:31  Probe (Chrono Boost)  
  15  0:48  Probe (Chrono Boost)  
  16  0:52  Gateway  
  16  0:58  Forge  
  16  1:02  Probe (Chrono Boost)  
  17  1:06  Pylon  
  17  1:12  Probe (Chrono Boost)  
  17  1:18  Assimilator  
  18  1:23  Probe (Chrono Boost)  
  19  1:33  Probe (Chrono Boost)  
  19  1:37  Photon Cannon  
  20  1:42  Zealot  
  20  1:44  Probe (Chrono Boost)  
  23  1:54  Probe (Chrono Boost)  
  23  1:56  Photon Cannon  
  24  2:05  Probe (Chrono Boost)  
  25  2:09  Cybernetics Core  
  25  2:13  Zealot  
  28  2:15  Probe (Chrono Boost)  
  28  2:28  Pylon  
  28  2:44  Nexus  
  28  3:03  Photon Cannon  
  28  3:06  Pylon  
  28  3:09  Probe (Chrono Boost)  
  28  3:12  Warp Gate  
  29  3:17  Assimilator  
  29  3:22  Pylon, Probe (Chrono Boost)  
  30  3:32  Probe (Chrono Boost)  
  31  3:50  Stalker  
  33  4:05  Photon Cannon  
  33  4:06  Probe (Chrono Boost)  
  34  4:17  Probe (Chrono Boost)  
  33  4:28  Probe (Chrono Boost)  
  33  4:29  Probe (Chrono Boost)  
  35  4:32  Stalker  
  37  4:39  Probe (Chrono Boost)  
  37  4:40  Probe (Chrono Boost)  
  39  4:50  Probe x2 (Chrono Boost)  
  41  4:54  Gateway  
  41  4:56  Gateway  
  41  5:00  Probe (Chrono Boost)  
  41  5:01  Probe (Chrono Boost)  
  43  5:26  Probe (Chrono Boost)  
  43  5:27  Zealot  
  46  5:34  Protoss Shields Level 1  
  46  5:37  Probe (Chrono Boost)  
  46  5:40  Assimilator  
  47  5:43  Nexus  
  47  5:45  Assimilator  
  47  5:49  Probe (Chrono Boost)  
  48  5:57  Pylon  
  48  5:59  Probe (Chrono Boost)  
  48  6:02  Pylon  
  49  6:08  Stalker  
  49  6:09  Stalker, Zealot  
  49  6:10  Probe (Chrono Boost)  
  56  6:21  Probe (Chrono Boost)  
  57  6:27  Probe (Chrono Boost)  
  57  6:32  Probe (Chrono Boost)  
  59  6:37  Probe (Chrono Boost)  
  60  6:42  Probe (Chrono Boost)  
  58  7:07  Stalker x3  
  64  7:13  Probe (Chrono Boost)  
  62  7:24  Probe (Chrono Boost)  
  62  7:27  Pylon  
  63  7:32  Photon Cannon  
  63  7:34  Probe (Chrono Boost)  
  64  7:40  Photon Cannon  
  64  7:43  Pylon  
  64  7:45  Probe (Chrono Boost)  
  65  7:57  Photon Cannon  
  65  8:01  Probe (Chrono Boost)  
  65  8:02  Photon Cannon  
  66  8:06  Photon Cannon  
  66  8:08  Stalker  
  66  8:09  Stalker  
  66  8:11  Stalker  
  66  8:12  Probe (Chrono Boost)  
  73  8:18  Photon Cannon  
  73  8:22  Probe (Chrono Boost)  
  74  8:27  Pylon  
  74  8:33  Probe (Chrono Boost)  
  75  8:37  Stalker x3  
  81  8:43  Probe (Chrono Boost)  
  82  8:51  Protoss Air Weapons Level 1  
  82  8:55  Stargate x2  
  82  8:57  Stargate  
  82  9:00  Photon Cannon  
  73  9:42  Void Ray x2  
  73  9:43  Void Ray  
  85  9:51  Cybernetics Core  
  85  9:55  Pylon  
  85  10:03  Zealot  
  85  10:04  Zealot x2  
  91  10:20  Photon Cannon  
  91  10:22  Fleet Beacon  
  91  10:26  Protoss Air Armor Level 1  
  91  10:29  Void Ray  
  91  10:30  Void Ray  
  99  10:41  Pylon  
  99  10:44  Pylon  
  99  10:58  Protoss Air Weapons Level 2  
  99  10:59  Void Ray  
  103  11:12  Void Ray  
  107  11:22  Pylon  
  107  11:28  Pylon  
  107  11:30  Void Ray  
  111  11:33  Pylon  
  111  11:38  Pylon  
  111  11:39  Probe (Chrono Boost)  
  112  11:42  Void Ray  
  116  11:55  Void Ray  
  120  12:11  Nexus  
  120  12:13  Void Ray  
  124  12:25  Void Ray  
  122  12:38  Void Ray  
  124  12:56  Void Ray  
  104  13:08  Void Ray  
  104  13:09  Stalker x2  
  104  13:10  Stalker  
  108  13:21  Void Ray  
  112  13:29  Assimilator  
  112  13:31  Assimilator  
  112  13:39  Void Ray  
  116  13:45  Pylon  
  116  13:50  Pylon  
  116  13:56  Pylon  
  116  13:59  Pylon  
  116  14:02  Pylon  
  116  14:11  Probe (Chrono Boost)  
  121  14:21  Probe (Chrono Boost)  
  122  14:32  Probe (Chrono Boost)  
Show
View Real Time Build Order
Export as new Build Order

Scaramanga Terran 

Build Orders: Reaper Expand 

Get SALT Encoding   

  12  0:01  SCV  
  13  0:13  SCV  
  14  0:17  Supply Depot  
  14  0:25  SCV  
  15  0:39  SCV  
  15  0:41  Barracks  
  16  0:45  Refinery  
  16  0:51  SCV  
  17  1:04  SCV  
  18  1:16  SCV  
  19  1:28  Reaper  
  19  1:31  Orbital Command  
  20  1:46  Command Center  
  20  1:56  SCV  
  21  2:08  Factory  
  21  2:09  SCV  
  21  2:13  Refinery  
  22  2:21  SCV  
  23  2:23  Barracks Reactor  
  23  2:29  Supply Depot  
  23  2:41  SCV  
  22  2:53  SCV  
  22  2:54  Hellion  
  24  3:05  SCV  
  25  3:15  Hellion  
  25  3:17  SCV  
  28  3:31  SCV  
  29  3:34  Starport  
  29  3:43  Orbital Command, SCV  
  29  3:45  Barracks Tech Lab  
  30  3:54  Widow Mine  
  30  3:55  Widow Mine, SCV  
  35  4:07  SCV  
  36  4:11  Starport Reactor  
  36  4:19  SCV  
  36  4:20  SCV  
  36  4:24  Refinery, Hellion x2  
  42  4:31  SCV  
  42  4:33  SCV  
  42  4:34  Supply Depot  
  44  4:39  Supply Depot x2  
  44  4:42  Factory  
  44  4:43  SCV  
  45  4:50  SCV  
  46  4:56  Viking x2, SCV  
  51  5:02  SCV  
  52  5:08  SCV  
  52  5:13  Refinery  
  53  5:14  SCV  
  53  5:20  SCV  
  55  5:26  SCV  
  55  5:27  Hellion  
  55  5:28  Hellion  
  60  5:44  Siege Tank  
  60  5:49  Hellion  
  65  5:51  SCV x2  
  65  5:57  Hellion, Engineering Bay  
  69  6:03  SCV  
  69  6:19  Supply Depot  
  69  6:23  Supply Depot  
  69  6:24  Armory  
  69  6:27  Siege Tank  
  69  6:29  Armory  
  69  6:32  Hellion  
  70  6:33  Starport  
  70  6:41  SCV, Hellion  
  70  6:43  Supply Depot  
  70  6:46  Supply Depot  
  73  6:47  Liberator x2, Supply Depot  
  73  6:51  Supply Depot  
  73  6:53  Hellion, Supply Depot  
  75  6:56  Supply Depot  
  81  7:20  Starport Tech Lab  
  81  7:52  Viking x2  
  85  8:00  Terran Ship Weapons Level 1  
  85  8:01  Terran Vehicle And Ship Armor Level 1  
  85  8:09  Command Center  
  85  8:18  Infernal Pre-Igniter  
  89  8:20  Hellion x3  
  89  8:22  Viking x2  
  95  8:36  Starport  
  99  8:41  Hellion x3  
  101  8:57  SCV x2  
  105  9:02  Hellion  
  99  9:29  Thor, Hellion  
  104  9:31  Starport Tech Lab  
  104  9:58  Terran Vehicle And Ship Armor Level 2  
  104  10:00  Terran Ship Weapons Level 2  
  104  10:03  Command Center  
  104  10:12  Siege Tank  
  107  10:31  Hellion x2  
  111  10:39  Fusion Core  
  111  10:44  Banshee, Thor  
  111  10:45  Command Center, Cloaking Field  
  120  10:52  Hellion  
  122  11:05  Orbital Command  
  122  11:21  Viking x2  
  126  11:27  Orbital Command  
  126  11:31  Battlecruiser  
  132  11:45  Thor  
  138  11:51  Viking x2  
  99  12:28  Thor  
  104  12:34  Raven  
  94  12:44  Hellion x2  
  75  12:54  Weapon Refit  
  75  12:56  Viking x2  
  79  13:05  Hellion x2  
  79  13:11  Hellion  
  81  13:17  Raven  
  83  13:26  Viking x2  
  83  13:27  Hellion x2  
  89  13:56  Viking x2  
  93  14:13  Orbital Command  
  93  14:17  Orbital Command  
Show
View Real Time Build Order
Export as new Build Order

TimeTwist Zerg 

Build Orders: Pool First, Muta Ling Bane 

Get SALT Encoding   

  12  0:01  Drone  
  13  0:09  Drone  
  14  0:16  Overlord  
  14  0:25  Drone, Extractor  
  14  0:35  Drone x2  
  16  0:49  Spawning Pool  
  15  0:54  Drone  
  15  0:56  Drone  
  17  1:06  Drone  
  18  1:17  Drone  
  19  1:36  Metabolic Boost  
  19  1:37  Queen  
  21  1:46  Hatchery  
  20  1:51  Overlord  
  20  2:01  Zergling x4  
  22  2:10  Zergling x2  
  22  2:15  Queen  
  25  2:32  Zergling x4  
  27  2:59  Drone x4  
  27  3:00  Drone  
  32  3:06  Queen  
  34  3:15  Lair  
  34  3:19  Drone  
  36  3:20  Drone, Overlord  
  36  3:23  Overlord  
  34  3:47  Drone x4  
  34  3:48  Drone x2  
  40  4:03  Drone x2  
  40  4:08  Extractor  
  40  4:09  Extractor  
  40  4:11  Extractor  
  40  4:14  Drone x2  
  38  4:28  Drone x2  
  40  4:37  Spire  
  39  4:39  Baneling Nest  
  38  4:48  Drone x4  
  42  4:54  Spore Crawler  
  42  4:56  Spore Crawler  
  42  4:57  Drone x4  
  44  5:02  Hatchery  
  43  5:13  Zergling x10  
  48  5:18  Overlord  
  48  5:19  Hatchery  
  47  5:32  Drone  
  47  5:33  Drone  
  49  5:40  Drone x2  
  49  5:41  Drone  
  47  5:59  Mutalisk x5  
  47  6:00  Mutalisk  
  47  6:01  Overlord  
  59  6:19  Mutalisk x3  
  59  6:20  Mutalisk  
  59  6:22  Overlord  
  59  6:25  Zerg Flyer Weapons Level 1  
  67  6:31  Drone  
  68  6:51  Zergling x6  
  68  6:52  Drone x3, Zergling x4  
  68  6:53  Drone  
  67  7:31  Corruptor x2  
  67  7:32  Corruptor x4  
  67  7:33  Infestation Pit  
  76  7:38  Drone  
  76  7:39  Drone x3  
  76  7:42  Drone x3  
  83  7:46  Extractor  
  83  7:47  Extractor  
  83  7:50  Drone x3  
  83  7:51  Drone x2, Evolution Chamber  
  85  7:54  Evolution Chamber  
  84  8:05  Corruptor x2  
  84  8:09  Overlord x3  
  88  8:24  Overlord x2  
  88  8:25  Zerg Melee Weapons Level 1  
  88  8:26  Zerg Ground Armor Level 1  
  88  8:51  Spore Crawler  
  88  8:54  Drone x5  
  92  8:55  Drone  
  92  8:56  Drone x5  
  92  8:59  Hive  
  92  9:01  Pathogen Glands  
  98  9:10  Hatchery  
  96  9:29  Queen  
  98  9:32  Zergling x10  
  98  9:33  Zergling x14  
  98  9:34  Zergling x10  
  98  9:35  Zergling x12  
  121  9:41  Centrifical Hooks  
  95  10:16  Corruptor x3  
  95  10:17  Corruptor x6  
  113  10:22  Greater Spire  
  113  10:28  Zerg Melee Weapons Level 2, Zerg Ground Armor Level 2  
  113  10:58  Infestor x4  
  113  10:59  Overlord  
  113  11:00  Overlord x2  
  113  11:01  Zergling x12  
  113  11:02  Zergling x12  
  113  11:03  Zergling x2  
  134  11:17  Queen  
  136  11:21  Extractor  
  136  11:22  Extractor  
  134  11:43  Hatchery  
  133  11:47  Corruptor x2  
  133  11:48  Corruptor x3  
  133  11:50  Brood Lord x2  
  116  12:21  Corruptor x4  
  116  12:22  Corruptor x2  
  100  12:35  Zergling x2  
  100  12:36  Zergling x14  
  100  12:37  Zergling x14  
  104  12:38  Zergling x6  
  112  12:48  Zergling x8  
  112  13:10  Corruptor  
  112  13:11  Corruptor x5  
  90  13:37  Drone x2  
  90  13:38  Queen  
  90  13:40  Drone x3  
  91  13:57  Corruptor x4  
  91  13:58  Corruptor x2  
  103  14:15  Corruptor  
  103  14:16  Corruptor  
Show
View Real Time Build Order
Export as new Build Order

Rugi Terran - Winner!

Build Orders: Reaper Expand, MMM Bio 

Get SALT Encoding   

  12  0:01  SCV  
  13  0:13  SCV  
  14  0:17  Supply Depot  
  14  0:25  SCV  
  15  0:39  SCV  
  16  0:43  Barracks  
  16  0:45  Refinery  
  16  0:51  SCV  
  17  1:04  SCV  
  18  1:16  SCV  
  19  1:30  Orbital Command  
  19  1:31  Reaper  
  20  1:40  Command Center  
  20  1:50  Barracks  
  20  1:57  SCV  
  21  2:01  Supply Depot  
  21  2:09  Barracks Reactor, SCV  
  22  2:23  SCV  
  22  2:27  Factory  
  22  2:29  Refinery  
  23  2:35  SCV  
  24  2:47  SCV  
  25  3:03  Marine x2  
  25  3:05  SCV, Barracks Tech Lab  
  28  3:16  SCV  
  28  3:18  Factory Reactor  
  29  3:21  Starport  
  29  3:22  SCV  
  29  3:23  Marine x3  
  33  3:31  Orbital Command  
  33  3:37  Command Center  
  33  3:40  SCV  
  34  3:41  Marine  
  35  3:52  SCV  
  36  4:05  SCV x2  
  36  4:07  Marine x3  
  41  4:13  Supply Depot  
  41  4:17  SCV x2  
  41  4:19  Engineering Bay x2  
  41  4:21  Medivac  
  45  4:34  Marine x3  
  45  4:35  SCV  
  49  4:39  Supply Depot  
  49  4:42  Medivac  
  49  4:44  SCV  
  52  4:46  Terran Infantry Weapons Level 1  
  52  4:47  SCV  
  52  4:51  Medivac, Terran Infantry Armor Level 1  
  56  4:55  Orbital Command  
  56  4:57  SCV  
  56  5:00  SCV  
  56  5:03  Marine x2  
  59  5:08  Stimpack  
  59  5:09  SCV  
  59  5:10  Widow Mine  
  59  5:12  SCV  
  59  5:13  Missile Turret  
  63  5:19  Missile Turret  
  63  5:21  SCV  
  63  5:22  SCV  
  63  5:25  Missile Turret  
  63  5:26  SCV  
  66  5:32  Refinery  
  66  5:33  Refinery, SCV  
  66  5:34  SCV  
  68  5:38  SCV  
  69  5:43  Marine x2  
  69  5:44  Marine  
  69  5:45  SCV  
  69  5:46  SCV  
  69  5:47  Medivac  
  76  5:50  SCV  
  77  6:09  SCV x2, Supply Depot  
  77  6:10  SCV, Supply Depot  
  80  6:20  Marine x3  
  80  6:22  SCV x2  
  85  6:30  SCV, Barracks x3  
  85  6:31  Barracks  
  86  6:34  SCV x2  
  86  6:36  Missile Turret  
  88  6:42  SCV  
  88  6:43  Armory, Marine  
  88  6:44  Marine x2  
  88  6:45  Viking x2  
  88  6:46  SCV x2  
  98  6:54  SCV  
  99  7:05  Refinery  
  99  7:06  Refinery  
  99  7:13  Marine  
  99  7:14  Marine  
  101  7:27  Barracks Tech Lab  
  101  7:28  Barracks Reactor  
  101  7:30  Barracks Reactor  
  101  7:32  Marine, Barracks Tech Lab  
  101  7:33  SCV  
  101  7:35  Marine  
  99  7:43  Medivac  
  100  7:45  Medivac  
  100  7:48  Supply Depot  
  100  7:49  Supply Depot  
  100  7:50  Terran Infantry Weapons Level 2, Terran Infantry Armor Level 2  
  98  7:52  SCV  
  98  7:56  SCV x2, Barracks  
  98  7:57  Barracks  
  101  7:58  Barracks  
  101  8:01  Liberator  
  101  8:02  Liberator  
  101  8:04  SCV, Combat Shields, Starport  
  101  8:05  Concussive Shells  
  102  8:06  Marine x4  
  102  8:07  Marauder, Marine  
  102  8:09  Marine x2  
  102  8:10  Marauder  
  113  8:14  Supply Depot  
  113  8:15  Supply Depot  
  119  8:44  Command Center  
  119  8:45  Marine  
  119  8:46  Marine x3  
  125  8:49  Marine  
  125  8:50  Marine x2  
  125  8:53  Factory Tech Lab  
  126  9:01  Factory  
  123  9:05  Barracks Reactor  
  123  9:07  SCV x2  
  123  9:08  SCV  
  126  9:21  Starport Reactor  
  126  9:22  Barracks Reactor, Barracks Tech Lab  
  126  9:23  Barracks Tech Lab  
  126  9:27  Starport  
  126  9:30  Factory  
  126  9:32  Barracks  
  126  9:33  Barracks  
  126  9:37  Barracks, Marine x2  
  126  9:38  Marauder x2, Marine x3  
  134  9:40  Siege Tank  
  134  9:44  Drilling Claws  
  138  9:45  Widow Mine  
  138  9:46  Widow Mine  
  142  9:53  Terran Vehicle Weapons Level 1  
  142  9:54  Factory  
  142  9:56  Planetary Fortress  
  124  10:24  Marine x4  
  124  10:25  Marauder x3, Marine x3  
  137  10:29  SCV x2  
  136  10:46  Factory Tech Lab  
  136  10:47  Missile Turret, Siege Tank  
  139  10:59  Missile Turret, Liberator x2  
  139  11:04  Marine x3  
  139  11:06  Marine x5  
  139  11:07  Marauder x2, Marine x2  
  139  11:09  Liberator  
  139  11:10  Barracks Reactor x2, Barracks Tech Lab  
  153  11:12  Marine  
  153  11:14  Siege Tank  
  163  11:20  Factory Tech Lab  
  163  11:22  Marine  
  164  11:26  Marauder x2, Marine, Medivac x2, Supply Depot  
  164  11:27  Siege Tank  
  164  11:28  SCV  
  180  11:46  Refinery  
  180  11:47  Refinery  
  180  11:48  SCV, Siege Tank  
  184  11:56  Medivac  
  177  12:10  Marine x5  
  177  12:11  Marauder x4, Marine x6  
  177  12:12  Marauder x2, Marine  
  121  12:28  Marine x6  
  121  12:29  Marine x6  
  126  12:32  Marauder x2  
  126  12:33  Marauder x4  
  131  12:39  Siege Tank  
  131  12:40  Siege Tank x2  
  139  12:44  Medivac x3  
  139  12:45  Marine, Medivac  
  139  12:46  Marine x7  
  154  12:53  Marauder  
  154  12:54  Marauder x2  
  160  13:05  Liberator x2  
  160  13:06  Liberator x3  
  160  13:11  Siege Tank  
  160  13:12  Siege Tank  
  164  13:17  Marauder, Marine x4  
  164  13:18  Marauder x4, Marine x5  
  164  13:19  Marauder  
  169  13:28  Marine x3  
  172  13:35  Marine x5  
  172  13:36  Marine x4  
  172  13:38  Marine x2  
  182  13:53  Marauder, Marine x3  
  182  13:54  Marauder  
  188  14:08  Marine  
  188  14:17  Marine  
  187  14:18  Marauder, Marine  
  187  14:19  Marine x3  
  187  14:20  Marine x2  
  187  14:21  Marauder, Marine x2  
  187  14:22  Marine  
  187  14:23  Marauder  
Tags
 
Add a new tag
Caveats
  • Supply blocks, unpowered buildings, or Contaminate may cause inaccurate times.
  • Supply counts are checked every 10 seconds.